| TOP OF THE 1ST |
|
San Francisco Giants batting - Pitching for Pittsburgh Pirates : RHP Kelly Downs
|
|
Pitching: RHP Kelly Downs
|
|
|
Batting: SHB Kevin Bass
|
0-0: Called Strike 0-1: DOUBLE (Line Drive, 89M, EV 100.0 MPH)
|
|
Batting: LHB Ken Griffey Sr
|
0-0: Called Strike 0-1: Ball 1-1: SINGLE (Groundball, 6D, EV 103.8 MPH) Kevin Bass to third Runner from 3rd tries for Home, throw by CF and OUT! 8-2
|
|
Batting: LHB Keith Hernandez
|
0-0: Ball 1-0: Ball 2-0: SINGLE (Line Drive, 34, EV 93.8 MPH) Ken Griffey Sr to second Runner from 2nd tries for 3rd, SAFE, no throw by RF
|
|
Batting: RHB Phil Bailey
|
0-0: Fly out, F7 (Flyball, 78S, EV 79.4 MPH) Runner from 3rd tags up, OUT at HOME! 7-2
|
| Top of the 1st over - 0 runs, 3 hits, 0 errors, 1 left on base; San Francisco 0 - Pittsburgh 0 |
| BOTTOM OF THE 1ST |
|
Pittsburgh Pirates batting - Pitching for San Francisco Giants : RHP Tom Owens
|
|
Pitching: RHP Tom Owens
|
|
|
Batting: RHB Dan Gladden
|
0-0: Bunted foul 0-1: Ground out 5-3 (Groundball, 5, EV 103.8 MPH)
|
|
Batting: SHB Chili Davis
|
0-0: Called Strike 0-1: Fly out, F8 (Line Drive, 8LD, EV 91.9 MPH)
|
|
Batting: RHB Rennie Stennett
|
0-0: Called Strike 0-1: SINGLE (Line Drive, 6MD, EV 108.1 MPH)
|
|
Batting: LHB Robert Lopez
|
0-0: Ball 1-0: Foul Ball, location: 2F 1-1: Fielders Choice at 2nd, 6-4 (Groundball, 6, EV 85.0 MPH)
|
| Bottom of the 1st over - 0 runs, 1 hit, 0 errors, 1 left on base; San Francisco 0 - Pittsburgh 0 |
| TOP OF THE 2ND |
|
San Francisco Giants batting - Pitching for Pittsburgh Pirates : RHP Kelly Downs
|
|
Batting: RHB Don Slaught
|
0-0: Called Strike 0-1: Ball 1-1: Foul Ball, location: 2F 1-2: Foul Ball, location: 2F 1-2: Foul Ball, location: 2F 1-2: Foul Ball, location: 2F 1-2: Ball 2-2: Fly out, F8 (Flyball, 8RM, EV 86.3 MPH)
|
|
Batting: SHB Tyler O'Dell
|
0-0: Swinging Strike 0-1: Foul Ball, location: 2F 0-2: Ball 1-2: Ground out U3 (Groundball, 3, EV 98.1 MPH)
|
|
Batting: RHB Kevin Howard
|
0-0: Ball 1-0: Ball 2-0: Foul Ball, location: 2F 2-1: Ground out 5-3 (Groundball, 56S, EV 79.4 MPH)
|
| Top of the 2nd over - 0 runs, 0 hits, 0 errors, 0 left on base; San Francisco 0 - Pittsburgh 0 |
| BOTTOM OF THE 2ND |
|
Pittsburgh Pirates batting - Pitching for San Francisco Giants : RHP Tom Owens
|
|
Batting: LHB Greg Walker
|
0-0: Ball 1-0: Ball 2-0: Fly out, F7 (Flyball, 7S, EV 88.8 MPH)
|
|
Batting: RHB Mike C Brown
|
0-0: Ball 1-0: Fly out, F8 (Flyball, 78XD, EV 91.9 MPH)
|
|
Batting: SHB Ron Oester
|
0-0: Ball 1-0: Ball 2-0: Ball 3-0: Called Strike 3-1: Swinging Strike 3-2: Ground out 4-3 (Groundball, 4, EV 98.8 MPH)
|
| Bottom of the 2nd over - 0 runs, 0 hits, 0 errors, 0 left on base; San Francisco 0 - Pittsburgh 0 |
| TOP OF THE 3RD |
|
San Francisco Giants batting - Pitching for Pittsburgh Pirates : RHP Kelly Downs
|
|
Batting: RHB Dickie Thon
|
0-0: Ball 1-0: Called Strike 1-1: Foul Ball, location: 2F 1-2: Foul Ball, location: 2F 1-2: Foul Ball, location: 2F 1-2: Ground out U3 (Groundball, 34, EV 107.5 MPH)
|
|
Batting: RHB Tom Owens
|
0-0: SINGLE (Flyball, 3D, EV 95.0 MPH)
|
|
Batting: SHB Kevin Bass
|
0-0: Called Strike 0-1: Called Strike 0-2: Fly out, F7 (Flyball, 7, EV 90.6 MPH)
|
|
Batting: LHB Ken Griffey Sr
|
0-0: Ball 1-0: Ball 2-0: Ball 3-0: Called Strike 3-1: Foul Ball, location: 2F 3-2: Strikes out swinging
|
| Top of the 3rd over - 0 runs, 1 hit, 0 errors, 1 left on base; San Francisco 0 - Pittsburgh 0 |
| BOTTOM OF THE 3RD |
|
Pittsburgh Pirates batting - Pitching for San Francisco Giants : RHP Tom Owens
|
|
Batting: LHB Terry Whitfield
|
0-0: Swinging Strike 0-1: Called Strike 0-2: Strikes out swinging
|
|
Batting: RHB Kelly Downs
|
0-0: Called Strike 0-1: Ball 1-1: Foul Ball, location: 2F 1-2: Foul Ball, location: 2F 1-2: Foul Ball, location: 2F 1-2: Foul Ball, location: 2F 1-2: Strikes out swinging
|
|
Batting: RHB Dan Gladden
|
0-0: Foul Ball, location: 2F 0-1: Ball 1-1: Ground out 6-3 (Groundball, 6S, EV 69.4 MPH)
|
| Bottom of the 3rd over - 0 runs, 0 hits, 0 errors, 0 left on base; San Francisco 0 - Pittsburgh 0 |
| TOP OF THE 4TH |
|
San Francisco Giants batting - Pitching for Pittsburgh Pirates : RHP Kelly Downs
|
|
Batting: LHB Keith Hernandez
|
0-0: Called Strike 0-1: Ball 1-1: Ball 2-1: Ground out 5-3 (Groundball, 56S, EV 86.3 MPH)
|
|
Batting: RHB Phil Bailey
|
0-0: Foul Ball, location: 2F 0-1: Ball 1-1: Ball 2-1: Foul Ball, location: 2F 2-2: Ball 3-2: Foul Ball, location: 2F 3-2: SINGLE (Groundball, 34D, EV 103.8 MPH)
|
|
Batting: RHB Don Slaught
|
0-0: Ball 1-0: Called Strike 1-1: SINGLE (Groundball, 56S, EV 58.8 MPH) (infield hit) Phil Bailey to second
|
|
Batting: SHB Tyler O'Dell
|
0-0: Ball 1-0: Fielders Choice at 2nd, 1-4 (Groundball, 15, EV 70.6 MPH) Phil Bailey to third
|
|
Batting: RHB Kevin Howard
|
0-0: Fly out, F6 (Popup, 15, EV 81.3 MPH)
|
| Top of the 4th over - 0 runs, 2 hits, 0 errors, 2 left on base; San Francisco 0 - Pittsburgh 0 |
| BOTTOM OF THE 4TH |
|
Pittsburgh Pirates batting - Pitching for San Francisco Giants : RHP Tom Owens
|
|
Batting: SHB Chili Davis
|
0-0: Called Strike 0-1: Called Strike 0-2: Ball 1-2: Ball 2-2: Foul Ball, location: 2F 2-2: Ball 3-2: Strikes out swinging
|
|
Batting: RHB Rennie Stennett
|
0-0: Ball 1-0: Foul Ball, location: 2F 1-1: Ball 2-1: Ground out 1-3 (Groundball, 15S, EV 68.1 MPH)
|
|
Batting: LHB Robert Lopez
|
0-0: Ball 1-0: Fly out, F9 (Flyball, 9D, EV 107.5 MPH)
|
| Bottom of the 4th over - 0 runs, 0 hits, 0 errors, 0 left on base; San Francisco 0 - Pittsburgh 0 |
| TOP OF THE 5TH |
|
San Francisco Giants batting - Pitching for Pittsburgh Pirates : RHP Kelly Downs
|
|
Batting: RHB Dickie Thon
|
0-0: Ball 1-0: Foul Ball, location: 2F 1-1: Ball 2-1: Called Strike 2-2: Ground out 6-3 (Groundball, 6, EV 106.9 MPH)
|
|
Batting: RHB Tom Owens
|
0-0: Ball 1-0: Ball 2-0: Called Strike 2-1: Ground out 4-3 (Groundball, 4, EV 98.1 MPH)
|
|
Batting: SHB Kevin Bass
|
0-0: Ground out 6-3 (Groundball, 6, EV 101.9 MPH)
|
| Top of the 5th over - 0 runs, 0 hits, 0 errors, 0 left on base; San Francisco 0 - Pittsburgh 0 |
| BOTTOM OF THE 5TH |
|
Pittsburgh Pirates batting - Pitching for San Francisco Giants : RHP Tom Owens
|
|
Batting: LHB Greg Walker
|
0-0: Ball 1-0: Ground out 6-3 (Groundball, 6M, EV 92.5 MPH)
|
|
Batting: RHB Mike C Brown
|
0-0: Called Strike 0-1: Ball 1-1: Fly out, F5 (Line Drive, 5, EV 69.4 MPH)
|
|
Batting: SHB Ron Oester
|
0-0: Called Strike 0-1: Ground out 6-3 (Groundball, 6, EV 101.9 MPH)
|
| Bottom of the 5th over - 0 runs, 0 hits, 0 errors, 0 left on base; San Francisco 0 - Pittsburgh 0 |
| TOP OF THE 6TH |
|
San Francisco Giants batting - Pitching for Pittsburgh Pirates : RHP Kelly Downs
|
|
Batting: LHB Ken Griffey Sr
|
0-0: Foul Ball, location: 2F 0-1: Ball 1-1: Foul Ball, location: 2F 1-2: Ball 2-2: Strikes out looking
|
|
Batting: LHB Keith Hernandez
|
0-0: Ball 1-0: Foul Ball, location: 2F 1-1: Foul Ball, location: 2F 1-2: Fly out, F8 (Line Drive, 8LM, EV 96.9 MPH)
|
|
Batting: RHB Phil Bailey
|
0-0: Ball 1-0: Foul Ball, location: 2F 1-1: Ground out 1-3 (Groundball, P, EV 67.5 MPH)
|
| Top of the 6th over - 0 runs, 0 hits, 0 errors, 0 left on base; San Francisco 0 - Pittsburgh 0 |
| BOTTOM OF THE 6TH |
|
Pittsburgh Pirates batting - Pitching for San Francisco Giants : RHP Tom Owens
|
|
Batting: LHB Terry Whitfield
|
0-0: Called Strike 0-1: Ball 1-1: Fly out, F8 (Flyball, 8RM, EV 90.6 MPH)
|
|
Pinch Hitting: LHB Craig Barnes
|
0-0: Ball 1-0: Swinging Strike 1-1: Swinging Strike 1-2: Ball 2-2: Strikes out swinging
|
|
Batting: RHB Dan Gladden
|
0-0: Called Strike 0-1: Foul Ball, location: 2F 0-2: Foul Ball, location: 2F 0-2: Fly out, F9 (Line Drive, 9D, EV 108.1 MPH)
|
| Bottom of the 6th over - 0 runs, 0 hits, 0 errors, 0 left on base; San Francisco 0 - Pittsburgh 0 |
| TOP OF THE 7TH |
|
San Francisco Giants batting - Pitching for Pittsburgh Pirates : RHP Kelly Downs
|
|
Pitching: RHP Mark Lemongello
|
|
|
Batting: RHB Don Slaught
|
0-0: Ball 1-0: Called Strike 1-1: Called Strike 1-2: Fly out, F8 (Flyball, 8LD, EV 81.3 MPH)
|
|
Batting: SHB Tyler O'Dell
|
0-0: Called Strike 0-1: Ground out 6-3 (Groundball, 6M, EV 84.4 MPH)
|
|
Batting: RHB Kevin Howard
|
0-0: Ball 1-0: Swinging Strike 1-1: Ball 2-1: Foul Ball, location: 2F 2-2: Foul Ball, location: 2F 2-2: Ground out 1-3 (Groundball, 15S, EV 64.4 MPH)
|
| Top of the 7th over - 0 runs, 0 hits, 0 errors, 0 left on base; San Francisco 0 - Pittsburgh 0 |
| BOTTOM OF THE 7TH |
|
Pittsburgh Pirates batting - Pitching for San Francisco Giants : RHP Tom Owens
|
|
Batting: SHB Chili Davis
|
0-0: Called Strike 0-1: Ground out 5-3 (Groundball, 56, EV 95.6 MPH)
|
|
Batting: RHB Rennie Stennett
|
0-0: Ball 1-0: Ball 2-0: Swinging Strike 2-1: Swinging Strike 2-2: Strikes out swinging
|
|
Batting: LHB Robert Lopez
|
0-0: Foul Ball, location: 2F 0-1: Ground out 6-3 (Groundball, 6, EV 83.1 MPH)
|
| Bottom of the 7th over - 0 runs, 0 hits, 0 errors, 0 left on base; San Francisco 0 - Pittsburgh 0 |
| TOP OF THE 8TH |
|
San Francisco Giants batting - Pitching for Pittsburgh Pirates : RHP Mark Lemongello
|
|
Batting: RHB Dickie Thon
|
0-0: Ball 1-0: Ball 2-0: Called Strike 2-1: TRIPLE (Flyball, 9LD, EV 101.9 MPH)
|
|
Batting: RHB Tom Owens
|
0-0: Ball 1-0: Called Strike 1-1: SINGLE (Groundball, 34, EV 106.3 MPH) Dickie Thon scores
|
|
Batting: SHB Kevin Bass
|
0-0: Ball 1-0: Ball 2-0: Ball 3-0: Called Strike 3-1: Base on Balls Tom Owens to second
|
|
Batting: LHB Ken Griffey Sr
|
0-0: Ball 1-0: Ball 2-0: Single, Error in OF, E7, batter to second base (Line Drive, 56, EV 105.0 MPH) Tom Owens scores Kevin Bass to third
|
|
Batting: LHB Keith Hernandez
|
0-0: Intentional Walk
|
|
Batting: RHB Phil Bailey
|
0-0: Ball 1-0: Called Strike 1-1: Called Strike 1-2: Fly out, F7 (Line Drive, 7D, EV 85.0 MPH) Runner from 3rd tags up, SCORES, no throw by LF
|
|
Batting: RHB Don Slaught
|
0-0: Fly out, F7 (Flyball, 7LD, EV 86.9 MPH)
|
|
Batting: SHB Tyler O'Dell
|
0-0: Swinging Strike 0-1: Ball 1-1: Ball 2-1: Ball 3-1: Called Strike 3-2: Fly out, F8 (Line Drive, 8RM, EV 90.6 MPH)
|
| Top of the 8th over - 3 runs, 3 hits, 1 error, 2 left on base; San Francisco 3 - Pittsburgh 0 |
| BOTTOM OF THE 8TH |
|
Pittsburgh Pirates batting - Pitching for San Francisco Giants : RHP Tom Owens
|
|
Batting: LHB Greg Walker
|
0-0: Foul Ball, location: 2F 0-1: Swinging Strike 0-2: Ball 1-2: Strikes out swinging
|
|
Batting: RHB Mike C Brown
|
0-0: Ball 1-0: Foul Ball, location: 2F 1-1: SINGLE (Groundball, 5S, EV 69.4 MPH) (infield hit)
|
|
Batting: SHB Ron Oester
|
0-0: Called Strike 0-1: Fly out, F7 (Line Drive, 7, EV 94.4 MPH)
|
|
Batting: LHB Terry Whitfield
|
0-0: Ball 1-0: Called Strike 1-1: Ball 2-1: Ball 3-1: Called Strike 3-2: Strikes out looking
|
| Bottom of the 8th over - 0 runs, 1 hit, 0 errors, 1 left on base; San Francisco 3 - Pittsburgh 0 |
| TOP OF THE 9TH |
|
San Francisco Giants batting - Pitching for Pittsburgh Pirates : RHP Mark Lemongello
|
|
Batting: RHB Kevin Howard
|
0-0: Called Strike 0-1: Ball 1-1: Foul Ball, location: 2F 1-2: Strikes out swinging
|
|
Pitching: RHP Scott Lyman
|
|
|
Batting: RHB Dickie Thon
|
0-0: Swinging Strike 0-1: Hit by Pitch
|
|
Batting: RHB Tom Owens
|
0-0: Ball 1-0: Ball Dickie Thon steals 2nd, throwing error, E2 Dickie Thon to third 2-0: Called Strike 2-1: Foul Ball, location: 2F 2-2: Ball 3-2: Strikes out swinging
|
|
Batting: SHB Kevin Bass
|
0-0: Ball 1-0: Called Strike 1-1: Called Strike 1-2: Ball 2-2: Hit by Pitch
|
|
Batting: LHB Ken Griffey Sr
|
0-0: Ball 1-0: Swinging Strike 1-1: Swinging Strike 1-2: Strikes out looking
|
| Top of the 9th over - 0 runs, 0 hits, 1 error, 2 left on base; San Francisco 3 - Pittsburgh 0 |
| BOTTOM OF THE 9TH |
|
Pittsburgh Pirates batting - Pitching for San Francisco Giants : RHP Tom Owens
|
|
Now in CF: Doug Frobel
|
|
|
Pinch Hitting: RHB William Max
|
0-0: Ball 1-0: Reached on error, E6 (Groundball, 6, EV 82.5 MPH)
|
|
Batting: RHB Dan Gladden
|
0-0: Called Strike 0-1: Reached on error, E6 (Groundball, 6, EV 96.3 MPH) William Max to second
|
|
Batting: SHB Chili Davis
|
0-0: Fly out, F7 (Flyball, 7LD, EV 104.4 MPH) Runner from 2nd tags up, SAFE at 3rd, no throw by LF
|
|
Batting: RHB Rennie Stennett
|
0-0: Ball 1-0: Fly out, F7 (Flyball, 7, EV 85.6 MPH)
|
|
Batting: LHB Robert Lopez
|
0-0: Ball 1-0: Ball 2-0: Called Strike 2-1: Ball 3-1: Swinging Strike 3-2: Foul Ball, location: 2F 3-2: Foul Ball, location: 2F 3-2: 3-RUN HOME RUN (Flyball, 89XD, EV 109.4 MPH), Distance : 399 ft
|
|
Batting: LHB Greg Walker
|
0-0: Ball 1-0: Ball 2-0: Called Strike 2-1: Swinging Strike 2-2: Strikes out looking
|
| Bottom of the 9th over - 3 runs, 1 hit, 2 errors, 0 left on base; San Francisco 3 - Pittsburgh 3 |
| TOP OF THE 10TH |
|
San Francisco Giants batting - Pitching for Pittsburgh Pirates : RHP Scott Lyman
|
|
Pitching: RHP Mike Smithson
|
|
|
Batting: LHB Keith Hernandez
|
0-0: Foul Ball, location: 2F 0-1: Ball 1-1: Fly out, F7 (Flyball, 7D, EV 95.0 MPH)
|
|
Batting: RHB Phil Bailey
|
0-0: Ball 1-0: Ground out 6-3 (Groundball, 6, EV 101.9 MPH)
|
|
Batting: RHB Don Slaught
|
0-0: Foul Ball, location: 2F 0-1: Ball 1-1: Ball 2-1: Ground out 6-3 (Groundball, 6, EV 82.5 MPH)
|
| Top of the 10th over - 0 runs, 0 hits, 0 errors, 0 left on base; San Francisco 3 - Pittsburgh 3 |
| BOTTOM OF THE 10TH |
|
Pittsburgh Pirates batting - Pitching for San Francisco Giants : RHP Tom Owens
|
|
Pitching: RHP Dan O'Brien
|
|
|
Batting: RHB Mike C Brown
|
0-0: Ball 1-0: Ground out 5-3 (Groundball, 56, EV 92.5 MPH)
|
|
Batting: SHB Ron Oester
|
0-0: Called Strike 0-1: Ball 1-1: SINGLE (Groundball, 15S, EV 70.0 MPH) (infield hit)
|
|
Batting: LHB Terry Whitfield
|
0-0: Called Strike 0-1: Ball 1-1: Foul Ball, location: 2F 1-2: Ball 2-2: Strikes out swinging
|
|
Pinch Hitting: LHB Jared Martin
|
0-0: Swinging Strike 0-1: Foul Ball, location: 2F 0-2: Ball 1-2: Foul Ball, location: 2F 1-2: Strikes out looking
|
| Bottom of the 10th over - 0 runs, 1 hit, 0 errors, 1 left on base; San Francisco 3 - Pittsburgh 3 |
| TOP OF THE 11TH |
|
San Francisco Giants batting - Pitching for Pittsburgh Pirates : RHP Mike Smithson
|
|
Pitching: RHP Timnothy Milner
|
|
|
Batting: SHB Tyler O'Dell
|
0-0: Swinging Strike 0-1: Ground out 4-3 (Groundball, 4, EV 88.1 MPH)
|
|
Pinch Hitting: LHB Kevin Christensen
|
0-0: Ball 1-0: Ground out 4-3 (Groundball, 4, EV 107.5 MPH)
|
|
Batting: RHB Dickie Thon
|
0-0: DOUBLE (Flyball, 78D, EV 90.6 MPH)
|
|
Pinch Hitting: SHB Larry Reynolds
|
0-0: Swinging Strike 0-1: Foul Ball, location: 2F 0-2: Ball 1-2: Strikes out swinging
|
| Top of the 11th over - 0 runs, 1 hit, 0 errors, 1 left on base; San Francisco 3 - Pittsburgh 3 |
| BOTTOM OF THE 11TH |
|
Pittsburgh Pirates batting - Pitching for San Francisco Giants : RHP Dan O'Brien
|
|
Pitching: LHP Sheldon Burnside
|
|
|
Now at 2B: Larry Reynolds
|
|
|
Batting: RHB Dan Gladden
|
0-0: Ball 1-0: Called Strike 1-1: SOLO HOME RUN (Flyball, 7D, EV 111.3 MPH), Distance : 388 ft
|
| Bottom of the 11th over - 1 run, 1 hit, 0 errors, 0 left on base; San Francisco 3 - Pittsburgh 4 |
|